 Dungeon Crawl Stone Soup version 0.30-b1-5-g8e6c1be481 (webtiles) character file.

Game seed: 9001805899614044465

174 Hubris850 the Sneak (level 5, -2/24 HPs)
             Began as a Spriggan Venom Mage on May 4, 2023.
             Killed by nerve-wracking pain
             ... invoked by an orc priest
              (13 damage)
             ... on level 3 of the Dungeon.
             The game lasted 00:06:41 (2734 turns).

Hubris850 the Sneak (Spriggan Venom Mage)           Turns: 2734, Time: 00:06:41

Health: -2/24      AC:  2    Str:  4    XL:     5   Next: 28%
Magic:  4/12       EV: 18    Int: 19    God:
Gold:   180        SH:  0    Dex: 15    Spells: 2/12 levels left

rFire   . . .        v - +1 rapier (protect)
rCold   . . .        (no shield)
rNeg    . . .        a - +0 robe
rPois   .            (helmet restricted)
rElec   .            (no cloak)
rCorr   .            (gloves unavailable)
SInv    +            (boots unavailable)
Will    .....        r - amulet of the acrobat
Stlth   +++          (no ring)
HPRegen 0.24/turn    (no ring)
MPRegen 0.13/turn

%: acrobat
@: very quick
A: very small, no large weapons, unfitting armour, see invisible, speed 3
a: no special abilities


You were on level 3 of the Dungeon.
You visited 1 branch of the dungeon, and saw 3 of its levels.

You collected 180 gold pieces.

Inventory:

Hand Weapons
 h - a +0 sling
 j - a +0 dagger
 v - a +1 rapier of protection (weapon)
Armour
 a - a +0 robe (worn)
Jewellery
 r - an amulet of the acrobat (around neck)
Scrolls
 d - 4 scrolls of identify {unknown}
 e - 2 scrolls of enchant weapon {unknown}
 f - a scroll of enchant armour {unknown}
 k - 2 scrolls of poison {unknown}
 m - a scroll of amnesia {unknown}
 q - a scroll of noise {unknown}
 s - a scroll of magic mapping {unknown}
 u - a scroll of fear {unknown}
Potions
 b - a potion of magic
 c - 2 potions of heal wounds {unknown}
 g - a potion of degeneration {unknown}
 i - a potion of berserk rage {unknown}
 l - a potion of cancellation {unknown}
 n - 2 potions of ambrosia {unknown}
 o - a potion of lignification {unknown}
 p - 4 potions of curing {unknown}
 t - a potion of haste {unknown}


   Skills:
 - Level 3.8 Dodging
 - Level 4.4 Stealth
 + Level 4.1 Spellcasting
 - Level 3.0 Transmutations
 + Level 3.9 Poison Magic


You had 2 spell levels left.
You knew the following spells:

 Your Spells              Type           Power      Damage    Failure   Level
a - Sting                 Tmut/Pois      68%        1d6       3%          1
b - Poisonous Vapours     Pois/Air       22%        N/A       9%          2
c - Mephitic Cloud        Conj/Pois/Air  8%         N/A       24%         3
d - Olgreb's Toxic Radia  Pois           18%        N/A       26%         4

Your spell library contained the following spells:

 Spells                   Type           Power      Damage    Failure   Level
 Freezing Cloud           Conj/Ice/Air   1%         6-21      98%         5


Dungeon Overview and Level Annotations

Branches:
Dungeon (3/15)

Altars:


Innate Abilities, Weirdness & Mutations

You are very small and have problems with some larger weapons.
You are too small for most types of armour.
You have supernaturally acute eyesight. (SInv)
You cover ground extremely quickly. (Speed+++)


Message History

There is a stone staircase leading up here.
You start resting.
HP restored.
You start resting.
An orc is nearby!
You can't see any susceptible monsters within range! (Use Z to cast anyway.)
The sting hits the orc.
The orc is poisoned.
The orc is heavily wounded.
The orc shouts!
The sting hits the orc.
The orc looks even sicker.
The orc is almost dead.
You kill the orc!
You see here a +0 club.
The orc priest invokes the aid of Beogh against you.
Beogh smites you!
Ouch! That really hurt!
You are too injured to fight recklessly!
Casting: Sting (safe; 3% risk of failure)
Confirm with . or Enter, or press ? or * to list all spells.
Aiming: Sting (safe; 3% risk of failure)
Press: ? - help, Shift-Dir - straight line, f - orc priest
Aim: an orc priest, wielding a +0 mace and wearing a +0 ring mail (77% to hit)
The sting hits the orc priest.
The orc priest is poisoned.
The orc priest is moderately wounded.
Casting: Sting (safe; 3% risk of failure)
Confirm with . or Enter, or press ? or * to list all spells.
Aiming: Sting (safe; 3% risk of failure)
Press: ? - help, Shift-Dir - straight line, f/p - orc priest
Aim: an orc priest, wielding a +0 mace and wearing a +0 ring mail (moderately wounded, poisoned, 77% to hit)
The sting misses the orc priest.
Casting: Sting (safe; 3% risk of failure)
Confirm with . or Enter, or press ? or * to list all spells.
Aiming: Sting (safe; 3% risk of failure)
Press: ? - help, Shift-Dir - straight line, f/p - orc priest
Aim: an orc priest, wielding a +0 mace and wearing a +0 ring mail (moderately wounded, poisoned, 77% to hit)
The sting misses the orc priest.
The orc priest invokes the aid of Beogh against you.
Pain shoots through your body!
Ouch! That really hurt!
You die...

.#<.......<..)......##.######.##.
.................)...#.##...#...#
.......####..........#.#.........
.......## #..<.......#...........
.....#..###......................
[.)..##...#..........##†.........
...######.##........####.........
..## #.......)...#####.......#
..# ##.#####@##.......#..#### ..#
#.# #o######......# ..# ..# #.#
#..###.##### .# #.## #.. ....##
#.....# #. ###..... #####.. 8.
#..... ### ^. #>.... #...[.


You could see an orc priest (poisoned).

Vanquished Creatures
  A bullfrog (D:2)
  A jelly (D:3)
  An adder (D:2)
  4 worms (D:2)
  3 dart slugs
  2 orcs (D:3)
  7 endoplasms
  2 giant cockroaches (D:1)
  3 goblins
  9 hobgoblins
  3 jackals (D:1)
  3 quokkas
  4 ball pythons
  4 bats
  3 frilled lizards
  5 kobolds
  2 rats (D:1)
57 creatures vanquished.

Notes
Turn   | Place    | Note
-------+----------+-------------------------------------------
     0 | D:1      | Hubris850 the Spriggan Venom Mage began the quest for the
                  | Orb.
     0 | D:1      | Reached XP level 1. HP: 9/9 MP: 5/5
   201 | D:1      | Reached XP level 2. HP: 13/13 MP: 2/6
   957 | D:1      | Reached XP level 3. HP: 16/16 MP: 5/8
  2068 | D:3      | Noticed a bullfrog
  2167 | D:2      | Reached XP level 4. HP: 19/21 MP: 6/10
  2353 | D:2      | Killed a bullfrog
  2405 | D:2      | Learned a level 2 spell: Poisonous Vapours
  2409 | D:2      | Learned a level 3 spell: Mephitic Cloud
  2414 | D:2      | Learned a level 4 spell: Olgreb's Toxic Radiance
  2460 | D:3      | Reached XP level 5. HP: 24/24 MP: 6/11
  2734 | D:3      | Killed from afar by an orc priest

Illustrated notes

Levels and vault maps discovered:
D:1:      minmay_arrival_open_corners, layout_loops_cross, serial_forest,
          infiniplex_forest_clump_medium, infiniplex_forest_side_room,
          infiniplex_forest_clump_long, infiniplex_forest_clump_medium,
          infiniplex_forest_lined_2, infiniplex_forest_fountain,
          infiniplex_forest_zigzag_2
D:2:      layout_rooms, chequers_serial_rivers_small_b
D:3:      minmay_diamond_boxcup, layout_rooms, shapermc_ecumenical_altar_petra,
          kennysheep_generic_room_3

Skill      XL: |  1  2  3  4  5 |
---------------+----------------+-----
Dodging        | 3 |  3.8
Spellcasting   | 3 4 |  4.1
Transmutations | 2 3 |  3.0
Stealth        | 4 |  4.4
Poison Magic   | |  3.9

Action                     |  1- 3 |  4- 6 || total
---------------------------+-------+-------++-------
  Melee: Unarmed           |     1 |       ||     1
         Dagger            |    41 |     9 ||    50
         Punch             |     1 |       ||     1
   Fire: Sling             |     9 |       ||     9
   Cast: Sting             |    80 |    40 ||   120
 Armour: Robe              |     8 |       ||     8
  Dodge: Dodged            |    61 |    22 ||    83
